AoeStats
← n8gallagher

Arena

509955032Analyzed
1v1 RM · 2d ago on Sep 28, 2026· 51m 7s· 2 players
Game mode
Random Map
Map size
Tiny (2 player)
Population
200
Speed
Normal
Resources
Standard
Victory
Conquest
Starting age
Dark Age
Ending age
Imperial Age
RankedLock teamsTeams togetherTeam positionsShared explorationLock speedFull tech treeHidden civsTurbo modeCheats
Victory
Defeat
🇩🇪 Celts · Germany
546
+15
🇺🇸 Bohemians · United States
526
-15
n8gallagher
12:18 Feudal Age
13:30 Double-Bit Axe
17:11 Horse Collar
21:09 Castle Age
18:55 Loom
23:25 Scale Mail Armor
24:48 Pikeman
25:37 Squires
28:31 Chain Mail Armor
28:27 Forging
30:19 Wheelbarrow
32:37 Iron Casting
38:27 Imperial Age
36:53 Scale Barding Armor
37:58 Husbandry
38:27 Chain Barding Armor
39:04 Wagenburg Tactics
41:02 Conscription
42:17 Blast Furnace
43:51 Bow Saw
43:59 Hand Cart
43:32 Town Watch
44:23 Crossbowman
47:45 Two-Man Saw
47:10 Padded Archer Armor
47:02 Fletching
48:30 Leather Archer Armor
47:38 Elite Skirmisher
47:39 Arbalester
d.olla
1:22 Loom
10:42 Feudal Age
11:15 Double-Bit Axe
11:16 Horse Collar
19:17 Castle Age
18:49 Stone Mining
19:01 Gold Mining
21:04 Bow Saw
21:17 Heavy Plow
20:59 Man-at-Arms
21:26 Gambesons
22:39 Stone Shaft Mining
22:17 Scale Mail Armor
23:18 Gold Shaft Mining
23:28 Forging
24:45 Chain Mail Armor
26:08 Wheelbarrow
26:51 Long Swordsman
27:16 Pikeman
29:15 Hand Cart
29:41 Town Watch
31:33 Stronghold
35:02 Imperial Age
33:19 Arson
36:09 Murder Holes
37:17 Chemistry
37:07 Onager
37:12 Capped Ram
38:31 Conscription
39:04 Plate Mail Armor
39:11 Iron Casting
38:43 Town Patrol
39:50 Siege Engineers
40:51 Ballistics
42:09 Hoardings
43:14 Masonry
46:06 Two-Handed Swordsman
51:51 Furor Celtica
Connection lost

Rejoining the realm…

Still unreachable

The connection could not be restored.

Session expired

The server has moved on; the page needs a fresh start.